TOP OF THE 1ST |
Colorado (EL) Rockies batting - Pitching for Columbia Fireflies : RHP Matt Bennett
|
Pitching: RHP Matt Bennett
|
|
Batting: RHB Matviy Oliynyk
|
0-0: Called Strike 0-1: Ball 1-1: Foul Ball, location: 2F 1-2: Fly out, F8 (Line Drive, 8RM, EV 105.6 MPH)
|
Batting: RHB Chris Osting
|
0-0: Called Strike 0-1: Swinging Strike 0-2: Ball 1-2: Foul Ball, location: 2F 1-2: Foul Ball, location: 2F 1-2: Ball 2-2: Foul Ball, location: 2F 2-2: Foul Ball, location: 2F 2-2: Ball 3-2: Base on Balls
|
Batting: SHB Jeff Sorrels
|
0-0: Ball 1-0: Swinging Strike 1-1: Swinging Strike 1-2: Strikes out looking
|
Batting: LHB Harry Folsom
|
0-0: Ball 1-0: Called Strike 1-1: Called Strike 1-2: Ball 2-2: Ball 3-2: Foul Ball, location: 2F 3-2: Base on Balls Chris Osting to second
|
Batting: RHB Ray Insley
|
0-0: Ball 1-0: Ball 2-0: Called Strike 2-1: Called Strike 2-2: Foul Ball, location: 2F 2-2: Ball 3-2: Base on Balls Chris Osting to third Harry Folsom to second
|
Batting: LHB Daniel Green
|
0-0: Called Strike 0-1: Foul Ball, location: 2F 0-2: Fielders Choice at 2nd, 6-4 (Groundball, 6, EV 88.1 MPH)
|
Top of the 1st over - 0 runs, 0 hits, 0 errors, 3 left on base; Colorado (EL) 0 - Columbia 0 |
BOTTOM OF THE 1ST |
Columbia Fireflies batting - Pitching for Colorado (EL) Rockies : RHP Iehohs Inatho
|
Pitching: RHP Iehohs Inatho
|
|
Batting: RHB Omar Novoa
|
0-0: Fly out, F4 (Line Drive, 4M, EV 69.4 MPH)
|
Batting: SHB Masatoshi Akahoshi
|
0-0: Foul Ball, location: 2F 0-1: Called Strike 0-2: Ball 1-2: Ball 2-2: Strikes out swinging
|
Batting: SHB Justin Wallace
|
0-0: Called Strike 0-1: Foul Ball, location: 2F 0-2: Fly out, F1 (Line Drive, P, EV 70.6 MPH)
|
Bottom of the 1st over - 0 runs, 0 hits, 0 errors, 0 left on base; Colorado (EL) 0 - Columbia 0 |
TOP OF THE 2ND |
Colorado (EL) Rockies batting - Pitching for Columbia Fireflies : RHP Matt Bennett
|
Batting: RHB Willie Benito
|
0-0: Ball 1-0: Ball 2-0: SINGLE (Groundball, 25, EV 71.2 MPH) (infield hit)
|
Batting: LHB Iehohs Inatho
|
0-0: Ball 1-0: Called Strike 1-1: Swinging Strike 1-2: SINGLE (Groundball, 4M, EV 101.2 MPH) (infield hit) Willie Benito to second
|
Batting: RHB Yamashita Yagi
|
0-0: Foul Ball, location: 2F 0-1: Ball 1-1: SINGLE (Line Drive, 5D, EV 97.5 MPH) Willie Benito to third Iehohs Inatho to second
|
Batting: RHB Matviy Oliynyk
|
0-0: Ball 1-0: Called Strike 1-1: Swinging Strike 1-2: Foul Ball, location: 2F 1-2: Strikes out swinging
|
Batting: RHB Chris Osting
|
0-0: Ball 1-0: Ball Wild Pitch! Willie Benito scores Iehohs Inatho to third Yamashita Yagi to second 2-0: Called Strike 2-1: Ball 3-1: Ground out 5-3 (Groundball, 56, EV 96.9 MPH) Iehohs Inatho scores
|
Batting: SHB Jeff Sorrels
|
0-0: Ball 1-0: Fly out, F8 (Flyball, 78S, EV 96.9 MPH)
|
Top of the 2nd over - 2 runs, 3 hits, 0 errors, 1 left on base; Colorado (EL) 2 - Columbia 0 |
BOTTOM OF THE 2ND |
Columbia Fireflies batting - Pitching for Colorado (EL) Rockies : RHP Iehohs Inatho
|
Batting: RHB Masaya Nakamura
|
0-0: Called Strike 0-1: Called Strike 0-2: Fly out, F8 (Flyball, 8RD, EV 101.9 MPH)
|
Batting: RHB Jose Lara
|
0-0: Ball 1-0: Swinging Strike 1-1: SINGLE (Groundball, 6S, EV 65.0 MPH) (infield hit)
|
Batting: RHB Larry Shoop
|
0-0: Swinging Strike 0-1: Ball 1-1: Ball 2-1: Foul Ball, location: 2F 2-2: TRIPLE (Line Drive, 78XD, EV 107.5 MPH) Jose Lara scores
|
Batting: RHB Dan Muse
|
0-0: Called Strike 0-1: Swinging Strike 0-2: Strikes out looking
|
Batting: RHB Fathi Addae
|
0-0: Ball 1-0: SINGLE (Line Drive, 3L, EV 97.5 MPH) Larry Shoop scores
|
Batting: RHB David Reyna
|
0-0: Ball 1-0: Swinging Strike 1-1: Swinging Strike 1-2: Foul Ball, location: 2F 1-2: Ball Wild Pitch! Fathi Addae to second 2-2: Ball 3-2: Strikes out swinging
|
Bottom of the 2nd over - 2 runs, 3 hits, 0 errors, 1 left on base; Colorado (EL) 2 - Columbia 2 |
TOP OF THE 3RD |
Colorado (EL) Rockies batting - Pitching for Columbia Fireflies : RHP Matt Bennett
|
Batting: LHB Harry Folsom
|
0-0: Called Strike 0-1: Ball 1-1: Foul Ball, location: 2F 1-2: Ball 2-2: Ball 3-2: Strikes out swinging
|
Batting: RHB Ray Insley
|
0-0: Foul Ball, location: 2F 0-1: Ground out 6-3 (Groundball, 6, EV 85.0 MPH)
|
Batting: LHB Daniel Green
|
0-0: Ball 1-0: Ball 2-0: Called Strike 2-1: Ball 3-1: Called Strike 3-2: Ground out 4-3 (Groundball, 4, EV 85.6 MPH)
|
Top of the 3rd over - 0 runs, 0 hits, 0 errors, 0 left on base; Colorado (EL) 2 - Columbia 2 |
BOTTOM OF THE 3RD |
Columbia Fireflies batting - Pitching for Colorado (EL) Rockies : RHP Iehohs Inatho
|
Batting: RHB Omar Novoa
|
0-0: Foul Ball, location: 2F 0-1: Ball 1-1: Foul Ball, location: 2F 1-2: Ball 2-2: Foul Ball, location: 2F 2-2: Reached on error, E6 (Groundball, 6, EV 79.4 MPH)
|
Batting: SHB Masatoshi Akahoshi
|
0-0: Called Strike 0-1: Ball 1-1: Ball 2-1: Foul Ball, location: 2F 2-2: Ball 3-2: Foul Ball, location: 2F 3-2: Foul Ball, location: 2F 3-2: Base on Balls Omar Novoa to second
|
Batting: SHB Justin Wallace
|
0-0: Ball 1-0: Foul Ball, location: 2F 1-1: Ball 2-1: Swinging Strike 2-2: Foul Ball, location: 2F 2-2: Foul Ball, location: 2F 2-2: Ball 3-2: Base on Balls Omar Novoa to third Masatoshi Akahoshi to second
|
Batting: RHB Masaya Nakamura
|
0-0: Called Strike 0-1: Called Strike 0-2: Strikes out swinging
|
Batting: RHB Jose Lara
|
0-0: Called Strike 0-1: Foul Ball, location: 2F 0-2: Strikes out swinging
|
Batting: RHB Larry Shoop
|
0-0: Called Strike 0-1: Ball 1-1: Called Strike 1-2: Foul Ball, location: 2F 1-2: Strikes out looking
|
Bottom of the 3rd over - 0 runs, 0 hits, 1 error, 3 left on base; Colorado (EL) 2 - Columbia 2 |
TOP OF THE 4TH |
Colorado (EL) Rockies batting - Pitching for Columbia Fireflies : RHP Matt Bennett
|
Batting: RHB Willie Benito
|
0-0: Ball 1-0: Ball 2-0: Ball 3-0: Called Strike 3-1: Foul Ball, location: 2F 3-2: Strikes out swinging
|
Batting: LHB Iehohs Inatho
|
0-0: Ball 1-0: Called Strike 1-1: Ball 2-1: Foul Ball, location: 2F 2-2: SINGLE (Groundball, 56D, EV 104.4 MPH)
|
Batting: RHB Yamashita Yagi
|
0-0: Grounds into double play, 5-4-3 (Groundball, 56, EV 99.4 MPH)
|
Top of the 4th over - 0 runs, 1 hit, 0 errors, 0 left on base; Colorado (EL) 2 - Columbia 2 |
BOTTOM OF THE 4TH |
Columbia Fireflies batting - Pitching for Colorado (EL) Rockies : RHP Iehohs Inatho
|
Batting: RHB Dan Muse
|
0-0: Ball 1-0: Ball 2-0: Ball 3-0: Base on Balls
|
Batting: RHB Fathi Addae
|
0-0: Ball 1-0: Ball 2-0: Fielders Choice at 2nd, 4-6 (Groundball, 4, EV 75.6 MPH)
|
Batting: RHB David Reyna
|
0-0: Fly out, F8 (Flyball, 89XD, EV 106.9 MPH)
|
Batting: RHB Omar Novoa
|
0-0: Ball 1-0: Foul Ball, location: 2F 1-1: SINGLE (Groundball, 56D, EV 103.1 MPH) Fathi Addae to second
|
Batting: SHB Masatoshi Akahoshi
|
0-0: Ball 1-0: Called Strike 1-1: Called Strike 1-2: Ball 2-2: Ground out 4-3 (Groundball, 34, EV 83.1 MPH)
|
Bottom of the 4th over - 0 runs, 1 hit, 0 errors, 2 left on base; Colorado (EL) 2 - Columbia 2 |
TOP OF THE 5TH |
Colorado (EL) Rockies batting - Pitching for Columbia Fireflies : RHP Matt Bennett
|
Batting: RHB Matviy Oliynyk
|
0-0: Called Strike 0-1: Ground out 6-3 (Groundball, 6, EV 83.8 MPH)
|
Batting: RHB Chris Osting
|
0-0: Foul Ball, location: 2F 0-1: Swinging Strike 0-2: Strikes out looking
|
Batting: SHB Jeff Sorrels
|
0-0: Called Strike 0-1: SINGLE (Groundball, 6, EV 95.6 MPH)
|
Batting: LHB Harry Folsom
|
0-0: Called Strike 0-1: Swinging Strike 0-2: Ball 1-2: Ball 2-2: Foul Ball, location: 2F 2-2: Ground out 4-3 (Groundball, 34S, EV 84.4 MPH)
|
Top of the 5th over - 0 runs, 1 hit, 0 errors, 1 left on base; Colorado (EL) 2 - Columbia 2 |
BOTTOM OF THE 5TH |
Columbia Fireflies batting - Pitching for Colorado (EL) Rockies : RHP Iehohs Inatho
|
Batting: SHB Justin Wallace
|
0-0: Called Strike 0-1: Ball 1-1: Swinging Strike 1-2: Foul Ball, location: 2F 1-2: Strikes out swinging
|
Batting: RHB Masaya Nakamura
|
0-0: Ball 1-0: Ground out 5-3 (Groundball, 5S, EV 91.9 MPH)
|
Batting: RHB Jose Lara
|
0-0: Called Strike 0-1: Foul Ball, location: 2F 0-2: Foul Ball, location: 2F 0-2: SINGLE (Line Drive, 78M, EV 88.8 MPH)
|
Batting: RHB Larry Shoop
|
0-0: Called Strike 0-1: Ground out 5-3 (Groundball, 56S, EV 91.9 MPH)
|
Bottom of the 5th over - 0 runs, 1 hit, 0 errors, 1 left on base; Colorado (EL) 2 - Columbia 2 |
TOP OF THE 6TH |
Colorado (EL) Rockies batting - Pitching for Columbia Fireflies : RHP Matt Bennett
|
Batting: RHB Ray Insley
|
0-0: Called Strike 0-1: Foul Ball, location: 2F 0-2: Ground out 6-3 (Groundball, 6, EV 86.9 MPH)
|
Batting: LHB Daniel Green
|
0-0: Called Strike 0-1: Foul Ball, location: 2F 0-2: Ball 1-2: Strikes out swinging
|
Batting: RHB Willie Benito
|
0-0: Called Strike 0-1: Ball 1-1: Ball 2-1: Ball 3-1: Ground out 5-3 (Groundball, 56S, EV 81.9 MPH)
|
Top of the 6th over - 0 runs, 0 hits, 0 errors, 0 left on base; Colorado (EL) 2 - Columbia 2 |
BOTTOM OF THE 6TH |
Columbia Fireflies batting - Pitching for Colorado (EL) Rockies : RHP Iehohs Inatho
|
Batting: RHB Dan Muse
|
0-0: Foul Ball, location: 2F 0-1: Ball 1-1: Ground out 5-3 (Groundball, 56, EV 86.2 MPH)
|
Pitching: RHP Michael Conrad
|
|
Batting: RHB Fathi Addae
|
0-0: Ball 1-0: Ball 2-0: Foul Ball, location: 2F 2-1: Foul Ball, location: 2F 2-2: Foul Ball, location: 2F 2-2: SINGLE (Groundball, 6MD, EV 93.8 MPH)
|
Batting: RHB David Reyna
|
0-0: Called Strike 0-1: Swinging Strike 0-2: Strikes out looking
|
Batting: RHB Omar Novoa
|
0-0: Called Strike Fathi Addae steals 2nd base 0-1: Ball 1-1: Foul Ball, location: 2F 1-2: Ball 2-2: Foul Ball, location: 2F 2-2: Ball 3-2: DOUBLE (Groundball, 5L, EV 103.1 MPH) Fathi Addae scores
|
Batting: SHB Masatoshi Akahoshi
|
0-0: Ball 1-0: Ball 2-0: Ball 3-0: Called Strike 3-1: Ground out 4-3 (Groundball, 4, EV 95.0 MPH)
|
Bottom of the 6th over - 1 run, 2 hits, 0 errors, 1 left on base; Colorado (EL) 2 - Columbia 3 |
TOP OF THE 7TH |
Colorado (EL) Rockies batting - Pitching for Columbia Fireflies : RHP Matt Bennett
|
Pitching: RHP Marvin Merino
|
|
Batting: LHB Iehohs Inatho
|
0-0: Ground out 4-3 (Groundball, 34, EV 83.8 MPH)
|
Batting: RHB Yamashita Yagi
|
0-0: Ball 1-0: Ball 2-0: Called Strike 2-1: Ball 3-1: Base on Balls
|
Batting: RHB Matviy Oliynyk
|
0-0: Ball 1-0: Ball 2-0: Ball 3-0: Base on Balls Yamashita Yagi to second
|
Batting: RHB Chris Osting
|
0-0: Hit by Pitch Yamashita Yagi to third Matviy Oliynyk to second
|
Batting: SHB Jeff Sorrels
|
0-0: Grounds into fielders choice 4-2 (Groundball, 4, EV 89.4 MPH) Matviy Oliynyk to third Chris Osting to second
|
Batting: LHB Harry Folsom
|
0-0: Called Strike 0-1: Ball 1-1: Fielders Choice at 2nd, 5-4 (Groundball, 56, EV 104.4 MPH)
|
Top of the 7th over - 0 runs, 0 hits, 0 errors, 3 left on base; Colorado (EL) 2 - Columbia 3 |
BOTTOM OF THE 7TH |
Columbia Fireflies batting - Pitching for Colorado (EL) Rockies : RHP Michael Conrad
|
Pitching: RHP Manny Lebron
|
|
Batting: SHB Justin Wallace
|
0-0: Ball 1-0: Fly out, F9 (Line Drive, 89M, EV 91.9 MPH)
|
Batting: RHB Masaya Nakamura
|
0-0: Ball 1-0: Fly out, F9 (Flyball, 9S, EV 85.0 MPH)
|
Batting: RHB Jose Lara
|
0-0: Ball 1-0: Foul Ball, location: 2F 1-1: Ball 2-1: Ball 3-1: Fly out, F4 (Popup, 23, EV 84.4 MPH)
|
Bottom of the 7th over - 0 runs, 0 hits, 0 errors, 0 left on base; Colorado (EL) 2 - Columbia 3 |
TOP OF THE 8TH |
Colorado (EL) Rockies batting - Pitching for Columbia Fireflies : RHP Marvin Merino
|
Pitching: LHP Bubba Fields
|
|
Batting: RHB Ray Insley
|
0-0: Called Strike 0-1: Ground out 5-3 (Groundball, 56S, EV 86.2 MPH)
|
Batting: LHB Daniel Green
|
0-0: Ball 1-0: Ball 2-0: Called Strike 2-1: Swinging Strike 2-2: Fly out, F8 (Flyball, 8LXD, EV 101.2 MPH)
|
Batting: RHB Willie Benito
|
0-0: Ball 1-0: Ball 2-0: Foul Ball, location: 2F 2-1: Ground out 4-3 (Groundball, 34, EV 105.6 MPH)
|
Top of the 8th over - 0 runs, 0 hits, 0 errors, 0 left on base; Colorado (EL) 2 - Columbia 3 |
BOTTOM OF THE 8TH |
Columbia Fireflies batting - Pitching for Colorado (EL) Rockies : RHP Manny Lebron
|
Pitching: LHP Kyle Mearkle
|
|
Batting: RHB Larry Shoop
|
0-0: Foul Ball, location: 2F 0-1: Swinging Strike 0-2: Ball 1-2: Foul Ball, location: 2F 1-2: Strikes out swinging
|
Batting: RHB Dan Muse
|
0-0: Ball 1-0: Ball 2-0: Ball 3-0: Called Strike 3-1: SINGLE (Groundball, 4MD, EV 93.8 MPH)
|
Batting: RHB Fathi Addae
|
0-0: Grounds into double play, 4-6-3 (Groundball, 4, EV 92.5 MPH)
|
Bottom of the 8th over - 0 runs, 1 hit, 0 errors, 0 left on base; Colorado (EL) 2 - Columbia 3 |
TOP OF THE 9TH |
Colorado (EL) Rockies batting - Pitching for Columbia Fireflies : LHP Bubba Fields
|
Pitching: RHP Amare Golden
|
|
Now in LF: Elias Urbina
|
|
Batting: LHB Iehohs Inatho
|
0-0: Swinging Strike 0-1: Ball 1-1: Swinging Strike 1-2: Strikes out looking
|
Pinch Hitting: LHB Tom Bemis
|
0-0: Ball 1-0: Ball 2-0: Ball 3-0: Ground out U3 (Groundball, 3, EV 104.4 MPH)
|
Batting: RHB Matviy Oliynyk
|
0-0: Ball 1-0: Ball 2-0: Ground out 6-3 (Groundball, 6S, EV 69.4 MPH)
|
Top of the 9th over - 0 runs, 0 hits, 0 errors, 0 left on base; Colorado (EL) 2 - Columbia 3 |
|